 Dungeon Crawl Stone Soup version bcrawl-1.19.2-6-g6a88ae04c9 (webtiles) character file.

Game seed: 3260008403804865595

71 Mrkan the Covered (level 4, -3/40 HPs)
             Began as a Minotaur Fighter on Dec 30, 2019.
             Was an Initiate of Okawaru.
             Killed by divine providence
             ... invoked by an orc priest
              (10 damage)
             ... on level 3 of the Dungeon.
             The game lasted 00:02:12 (1564 turns).

Mrkan the Covered (Minotaur Fighter)                Turns: 1564, Time: 00:02:12

Health: -3/40      AC:  7    Str: 20    XL:     4   Next: 5%
Magic:  3/3        EV:  7    Int:  5    God:    Okawaru [......]
Gold:   168        SH:  9    Dex: 11    Spells: 3/3 levels left

rFire    . . .     SeeInvis .   a - +0 flail
rCold    . . .     Gourm    .   c - +0 shield
rNeg     . . .     Faith    .   b - +0 scale mail
rPois    .         Spirit   .   (helmet restricted)
rElec    .         Reflect  .   (no cloak)
rCorr    .         Harm     .   (no gloves)
MR       .....                  (no boots)
Stlth    ..........             (no amulet)
HPRegen  0.13/turn              (no ring)
MPRegen  0.08/turn              (no ring)

@: no status effects
A: retaliatory headbutt, horns 2
a: Renounce Religion


You were on level 3 of the Dungeon.
You worshipped Okawaru.
Okawaru was noncommittal.
You were not hungry.

You visited 1 branch of the dungeon, and saw 3 of its levels.

You collected 168 gold pieces.

Inventory:

Hand Weapons
 a - a +0 flail (weapon)
Armour
 b - a +0 scale mail (worn)
 c - a +0 shield (worn)
Jewellery
 r - an uncursed ring of fire {unknown}
Scrolls
 e - a scroll of amnesia {unknown}
 h - a scroll of identify {unknown}
 j - 2 scrolls of teleportation {unknown}
 m - 4 scrolls of remove curse {unknown}
Potions
 d - a potion of might
 g - a potion of flight {unknown}
 i - a potion of mutation {unknown}
 k - a potion of haste {unknown}
 l - a potion of brilliance {unknown}
 o - 3 potions of curing
 p - a potion of resistance {unknown}
 q - a potion of cancellation {unknown}
 s - a potion of agility {unknown}
Comestibles
 f - 5 rations {!d}
 n - a chunk of flesh


   Skills:
 + Level 4.2 Fighting
 * Level 3.8 Maces & Flails
 + Level 4.2 Armour
 + Level 4.1 Shields


You had 3 spell levels left.
You didn't know any spells.
Your spell library was empty.

Dungeon Overview and Level Annotations

Branches:
Dungeon (3/12)

Altars:
Makhleb
Okawaru
Uskayaw


Innate Abilities, Weirdness & Mutations

You reflexively headbutt those who attack you in melee.
You have a pair of horns on your head.


Message History

The orc hits you but does no damage.
It was a potion of curing.
You feel better.
A jackal comes into view.
The orc barely misses you.
You completely miss the orc.
The jackal barks!
You block the orc's attack.
You hit the orc. You headbutt the orc.
You kill the orc!
Okawaru accepts your kill.
You have reached level 4!
You feel agile. The orc hits you with a +0 flail.
* * * LOW HITPOINT WARNING * * *
You sock the orc!
You kill the orc!
Okawaru accepts your kill.
The orc priest invokes the aid of Beogh against you.
Beogh smites you!
You die...

. .. ... .... $....
.....h######
.....K†g@..#### ....
.....o####.##.###.......
..... #.##..P#.......
.... #.#.†P.#....... #+#
#.#.P.P#.......
#.#÷P..#.......
#.#..P.P.......
#.###..........
#.#.###........


You could see an orc priest, a jackal, a goblin and a kobold.

Vanquished Creatures
  An ooze (D:3)
  A worm (D:2)
  A dart slug (D:2)
  4 leopard geckos
  4 orcs (D:3)
  4 bats
  A giant cockroach (D:2)
  4 goblins
  10 hobgoblins
  3 jackals (D:3)
  2 quokkas (D:2)
  A ball python (D:2)
  9 frilled lizards
  4 kobolds
  A plant (D:3)
50 creatures vanquished.

Notes
Turn   | Place    | Note
-------+----------+-------------------------------------------
     0 | D:1      | Mrkan the Minotaur Fighter began the quest for the Orb.
     0 | D:1      | Reached XP level 1. HP: 19/19 MP: 0/0
   238 | D:1      | Reached XP level 2. HP: 24/27 MP: 1/1
   668 | D:2      | Reached XP level 3. HP: 27/33 MP: 2/2
   800 | D:2      | Found an iron altar of Okawaru.
   809 | D:2      | Became a worshipper of Warmaster Okawaru
   866 | D:2      | Found a burning altar of Makhleb.
  1151 | D:2      | Found a hide-covered altar of Uskayaw.
  1563 | D:3      | Reached XP level 4. HP: 11/40 MP: 3/3
  1564 | D:3      | Killed from afar by an orc priest

Skill      XL: |  1  2  3 |
---------------+----------+-----
Maces & Flails | 3 |  3.8
Shields        | 4 |  4.1
Armour         | 4 |  4.2
Fighting       | 4 |  4.2

Action                   |  1- 3 |  4- 6 || total
-------------------------+-------+-------++-------
Melee: Flail             |   130 |     1 ||   131
       Headbutt          |    20 |       ||    20
  Use: Potion            |     1 |       ||     1
  Eat: Chunk             |     2 |       ||     2
Armor: Scale mail        |    67 |       ||    67
Dodge: Dodged            |    40 |       ||    40
Block: Shield            |    66 |       ||    66
